[Event "ICC tourney 2376 (15 3)"]
[Site "Internet Chess Club"]
[Date "2021.02.06"]
[Round "1"]
[White "akhilsd"]
[Black "anseltrinidad"]
[Result "1/2-1/2"]
[ICCResult "Game drawn by mutual agreement"]
[WhiteElo "900"]
[BlackElo "1364"]
[Opening "Caro-Kann defense"]
[ECO "B10"]
[NIC "CK.01"]
[Time "11:04:12"]
[PlyCount "119"]
[TimeControl "900+3"]

1. e4 c6 2. Nf3 d5 3. exd5 cxd5 4. Nc3 Nf6 5. Bb5+ Bd7 6. Bxd7+ Nbxd7 7.
O-O e6 8. d4 Nb6 9. Bg5 Be7 10. Re1 Nfd7 11. Bxe7 Qxe7 12. Qd3 Qf6 13. Ne5
Nxe5 14. dxe5 Qg6 15. Qb5+ Kd8 16. Rad1 Qxc2 17. Qb4 Kd7 18. Qb5+ Kd8 19.
Re2 Qf5 20. Rc1 Rc8 21. Rec2 Rc6 22. f4 Qxf4 23. Rf1 Qd4+ 24. Kh1 Qc4 25.
Qxc4 Rxc4 26. Rxf7 Rc7 27. Rxc7 Kxc7 28. Nxd5+ Kd7 29. Nxb6+ axb6 30. Rd2+
Kc7 31. b4 Rd8 32. Rc2+ Kd7 33. g4 Rc8 34. Rd2+ Ke7 35. Kg2 Rc4 36. a3
Rxg4+ 37. Kf3 Rc4 38. Rg2 g6 39. Ra2 Kd7 40. Rd2+ Kc6 41. Rd6+ Kc7 42. Rxe6
Rc3+ 43. Ke4 Kd7 44. Rxb6 Rxa3 45. Rxb7+ Ke6 46. Rxh7 Rb3 47. Rh6 Rxb4+ 48.
Kf3 Kf5 49. e6 Re4 50. Rxg6 Rxe6 51. Rxe6 Kxe6 52. Kg4 Kf6 53. Kh5 Kf5 54.
h4 Kf6 55. Kh6 Kf7 56. Kh7 Kf6 57. h5 Kf7 58. h6 Kf8 59. Kg6 Kg8 60. Kh5 {
Game drawn by mutual agreement } 1/2-1/2

[Event "ICC tourney 2376 (15 3)"]
[Site "Internet Chess Club"]
[Date "2021.02.06"]
[Round "1"]
[White "DanilMcQuillin"]
[Black "EAR2007"]
[Result "1-0"]
[ICCResult "Black checkmated"]
[WhiteElo "1193"]
[BlackElo "424"]
[Opening "English opening"]
[ECO "A10"]
[NIC "EO.64"]
[Time "11:17:18"]
[PlyCount "45"]
[TimeControl "900+3"]

1. c4 Nc6 2. d4 e5 3. d5 Nce7 4. Nc3 f6 5. e4 d6 6. Be2 Ng6 7. Be3 f5 8.
exf5 Bxf5 9. Nf3 e4 10. Nd4 N8e7 11. g4 Bd7 12. Nxe4 Ne5 13. f4 Nf7 14. Qc2
c5 15. Ne6 Bxe6 16. dxe6 Nh6 17. Rd1 d5 18. Qa4+ Nc6 19. cxd5 Qb8 20. dxc6
bxc6 21. Qxc6+ Ke7 22. Bxc5+ Qd6 23. Qd7# { Black checkmated } 1-0

[Event "ICC tourney 2376 (15 3)"]
[Site "Internet Chess Club"]
[Date "2021.02.06"]
[Round "1"]
[White "bonaparte1984"]
[Black "drippy"]
[Result "1/2-1/2"]
[ICCResult "Game drawn by repetition"]
[WhiteElo "1333"]
[BlackElo "786"]
[Opening "Sicilian"]
[ECO "B56"]
[NIC "SI.25"]
[Time "11:00:50"]
[PlyCount "108"]
[TimeControl "900+3"]

1. e4 c5 2. Nf3 Nc6 3. d4 cxd4 4. Nxd4 Nf6 5. Nc3 d6 6. Be3 e5 7. Nb3 Be7
8. Bc4 O-O 9. f3 a6 10. Bd5 Bd7 11. a3 Nxd5 12. Nxd5 Be6 13. c4 Bg5 14. Bf2
b5 15. Nd2 Bxd2+ 16. Qxd2 bxc4 17. Rc1 Bxd5 18. Qxd5 Qa5+ 19. Qxa5 Nxa5 20.
Bb6 Nb3 21. Rxc4 Rab8 22. Be3 h6 23. O-O Rfd8 24. Rd1 Na5 25. Rc2 Rdc8 26.
Rxc8+ Rxc8 27. Rxd6 Nc4 28. Rxa6 Nxe3 29. b4 Rc1+ 30. Kf2 Nc4 31. Rc6 Rc2+
32. Kg3 Nxa3 33. Rxc2 Nxc2 34. b5 Nb4 35. b6 Nc6 36. f4 f6 37. b7 Kf7 38.
fxe5 fxe5 39. h4 Ke7 40. Kg4 g6 41. h5 g5 42. Kf5 Kf7 43. g4 Nd4+ 44. Kxe5
Nc6+ 45. Kd6 Nb8 46. Kc7 Na6+ 47. Kb6 Nb8 48. Kc7 Na6+ 49. Kb6 Nb8 50. Kc7
Na6+ 51. Kb6 Nb8 52. Kc7 Na6+ 53. Kb6 Nb8 54. Kc7 Na6+ { Game drawn by
repetition } 1/2-1/2

[Event "ICC tourney 2376 (15 3)"]
[Site "Internet Chess Club"]
[Date "2021.02.06"]
[Round "1"]
[White "queen1234"]
[Black "ryc2009"]
[Result "1-0"]
[ICCResult "Black checkmated"]
[WhiteElo "1272"]
[BlackElo "659"]
[Opening "Four knights: Italian variation"]
[ECO "C55"]
[NIC "IG.01"]
[Time "11:00:41"]
[PlyCount "131"]
[TimeControl "900+3"]

1. e4 e5 2. Nf3 Nc6 3. Bc4 Nf6 4. Nc3 Bb4 5. d3 O-O 6. Bg5 h6 7. Bh4 d5 8.
Bxd5 Bg4 9. O-O Qd6 10. Nb5 Qc5 11. Bxf6 Qxb5 12. Bh4 Nd4 13. c3 Nxf3+ 14.
gxf3 Bh3 15. cxb4 Qb6 16. Re1 Qg6+ 17. Bg3 Qg5 18. f4 exf4 19. Qf3 fxg3 20.
Qxg3 Qh5 21. e5 Rad8 22. Bg2 Bxg2 23. Kxg2 Rde8 24. d4 Re6 25. Kh1 Rg6 26.
Qf4 Re8 27. Re3 Ree6 28. Rg1 Rxg1+ 29. Kxg1 Rg6+ 30. Rg3 Rxg3+ 31. hxg3
Qd1+ 32. Kg2 Qe2 33. Qf3 Qxb2 34. Qxb7 Qxa2 35. Qxc7 Qd5+ 36. Kf1 Qxd4 37.
Qc5 Qd3+ 38. Kg1 Qd1+ 39. Kg2 Qa4 40. f4 Qa2+ 41. Kf3 Qa1 42. Qc8+ Kh7 43.
Qf5+ g6 44. Qxf7+ Kh8 45. Qxg6 Qc3+ 46. Kg4 Qxb4 47. Qxh6+ Kg8 48. Qa6 Qb6
49. Qxb6 axb6 50. Kf3 b5 51. Ke3 b4 52. Kd3 Kg7 53. Kc4 b3 54. Kxb3 Kg6 55.
Kc4 Kf5 56. Kd5 Kg6 57. Kd6 Kf5 58. e6 Kf6 59. Kd7 Kg7 60. e7 Kf7 61. e8=Q+
Kg7 62. f5 Kf6 63. Qe6+ Kg7 64. Ke7 Kh7 65. Kf8 Kh8 66. Qg8# { Black
checkmated } 1-0

[Event "ICC tourney 2376 (15 3)"]
[Site "Internet Chess Club"]
[Date "2021.02.06"]
[Round "1"]
[White "Elin123"]
[Black "e35378"]
[Result "1/2-1/2"]
[ICCResult "Game drawn by mutual agreement"]
[WhiteElo "917"]
[BlackElo "1368"]
[Opening "QGD: classical variation (5.Bf4)"]
[ECO "D37"]
[NIC "QO.03"]
[Time "11:01:03"]
[PlyCount "172"]
[TimeControl "900+3"]

1. d4 d5 2. c4 e6 3. Nc3 Nf6 4. Nf3 Be7 5. Bf4 O-O 6. e3 c5 7. Be2 b6 8.
O-O Nbd7 9. Ne5 Ne4 10. cxd5 exd5 11. Nxd5 Bb7 12. Nxe7+ Qxe7 13. Nxd7 Qxd7
14. Bf3 f5 15. dxc5 Qxd1 16. Raxd1 bxc5 17. h3 Rad8 18. Bxe4 Bxe4 19. Bd6
Bc2 20. Bxf8 Rxd1 21. Rxd1 Bxd1 22. Bxc5 a6 23. Kf1 Kf7 24. Bd4 g6 25. Ke1
Ba4 26. b3 Bc6 27. g4 Be4 28. Ke2 Ke6 29. f3 Bd5 30. f4 Bg2 31. h4 fxg4 32.
Kf2 Bf3 33. Kg3 h5 34. a4 Bd1 35. a5 Bxb3 36. e4 Bc2 37. e5 Be4 38. Bc3 Bd3
39. Kf2 Bf5 40. Kg3 Be4 41. Bb4 Bf5 42. Kf2 Be4 43. Kg3 Bf5 44. Bd6 Be4 45.
Bb4 Bf5 46. Bd2 Be4 47. Bb4 Bf5 48. Kf2 Be4 49. Ke3 Bc6 50. Kf2 Be4 51. Be1
Bd5 52. Ke3 Bf3 53. Kd4 Bd5 54. Kc5 Bf3 55. Kb6 Be2 56. Bg3 Bd3 57. Kc5 Be2
58. Kd4 Bf1 59. Ke3 Bb5 60. Kd4 Bf1 61. Kc5 Be2 62. Kc6 Bf1 63. Kc7 Bd3 64.
Kd8 Be4 65. Ke8 Bd3 66. Kf8 Be4 67. Kg7 Bf5 68. Kh6 Be4 69. Kg5 Bd3 70. Bf2
Bf5 71. Bg3 Be4 72. Kh6 Bf5 73. Kg7 Be4 74. Kf8 Bf5 75. Ke8 Be4 76. Kd8 Bf5
77. Kc7 Bd3 78. Kb6 Bf1 79. Kc7 Be2 80. Kd8 Bd3 81. Kc7 Be2 82. Kd8 Bd3 83.
Ke8 Be2 84. Kf8 Bd3 85. Kg7 Bf5 86. Kf8 Be4 { Game drawn by mutual
agreement } 1/2-1/2

[Event "ICC tourney 2376 (15 3)"]
[Site "Internet Chess Club"]
[Date "2021.02.06"]
[Round "1"]
[White "leonlunachen"]
[Black "Jake000"]
[Result "0-1"]
[ICCResult "White forfeits on time"]
[WhiteElo "1319"]
[BlackElo "759"]
[Opening "Giuoco Piano: LaBourdonnais variation"]
[ECO "C53"]
[NIC "IG.02"]
[Time "11:00:56"]
[PlyCount "90"]
[TimeControl "900+3"]

1. e4 e5 2. Nf3 Nc6 3. Bc4 Bc5 4. c3 Bb6 5. d4 exd4 6. cxd4 d6 7. O-O Bg4
8. d5 Ne5 9. Be2 Bxf3 10. Bxf3 Nxf3+ 11. Qxf3 Qf6 12. Qxf6 Nxf6 13. Nc3 Kd7
14. h3 Rhe8 15. Re1 Bd4 16. Nb5 Bb6 17. Nc3 h6 18. Kf1 Re7 19. f3 a6 20.
Be3 Bxe3 21. Rxe3 Nh5 22. Kf2 Nf4 23. Rh1 g5 24. g3 Ng6 25. h4 f6 26. h5
Ne5 27. b3 Rae8 28. f4 Ng4+ 29. Kf3 Nxe3 30. Kxe3 gxf4+ 31. Kxf4 b5 32. Re1
Re5 33. g4 Rg8 34. Rg1 Rxh5 35. Rg3 Re5 36. b4 h5 37. gxh5 Rxg3 38. Kxg3
Rxh5 39. Kg4 Rh2 40. Kg3 Rc2 41. Nd1 Rxa2 42. Ne3 Rb2 43. Ng4 Ke7 44. Kf4
Rxb4 45. Kf5 Rb1 { White forfeits on time } 0-1

[Event "ICC tourney 2376 (15 3)"]
[Site "Internet Chess Club"]
[Date "2021.02.06"]
[Round "1"]
[White "mshr06"]
[Black "ibiwisi"]
[Result "1-0"]
[ICCResult "Black resigns"]
[WhiteElo "926"]
[BlackElo "1383"]
[Opening "Queen's pawn: London system"]
[ECO "A45"]
[NIC "QP.07"]
[Time "11:17:18"]
[PlyCount "135"]
[TimeControl "900+3"]

1. d4 Nf6 2. Bf4 d6 3. e3 g6 4. Nf3 Nh5 5. Bg5 Bg7 6. Nbd2 O-O 7. c4 Nd7 8.
Be2 Nhf6 9. O-O Re8 10. d5 c6 11. Nb3 cxd5 12. cxd5 b6 13. Bb5 Bb7 14. Bc6
Rb8 15. Re1 Ne4 16. Rb1 Nxg5 17. Nxg5 e6 18. Nf3 Re7 19. e4 exd5 20. exd5
Rxe1+ 21. Qxe1 Qc7 22. Nfd4 Bxc6 23. dxc6 Ne5 24. Qc3 Re8 25. Nb5 Qxc6 26.
Qxc6 Nxc6 27. Nxd6 Rd8 28. Ne4 Nb4 29. a3 Nc6 30. Nc3 Bxc3 31. bxc3 Rd3 32.
Rc1 Ne5 33. Nd4 Kg7 34. h3 a6 35. a4 Nc4 36. Kf1 Nb2 37. Ke2 Rxd4 38. cxd4
Nxa4 39. Ra1 b5 40. Ke3 Kf6 41. Rd1 Nb6 42. d5 Ke7 43. d6+ Kd7 44. Ke4 f6
45. g4 Nc4 46. Ra1 a5 47. Kd5 a4 48. f4 h6 49. Kc5 Nxd6 50. h4 Kc7 51. Re1
Kd7 52. Rd1 f5 53. Rxd6+ Kc7 54. g5 hxg5 55. hxg5 Kb7 56. Rb6+ Kc7 57. Rxb5
Kd7 58. Rb6 a3 59. Ra6 a2 60. Rxa2 Ke6 61. Re2+ Kd7 62. Kd5 Kc7 63. Re6 Kd7
64. Ke5 Kc7 65. Rxg6 Kd7 66. Re6 Kc7 67. g6 Kd7 68. g7 { Black resigns }
1-0

[Event "ICC tourney 2376 (15 3)"]
[Site "Internet Chess Club"]
[Date "2021.02.06"]
[Round "2"]
[White "Chess-knight"]
[Black "mfranks2021"]
[Result "1-0"]
[ICCResult "Black checkmated"]
[WhiteElo "876"]
[BlackElo "310"]
[Opening "Petrov's defense"]
[ECO "C42"]
[NIC "RG.03"]
[Time "12:20:39"]
[PlyCount "57"]
[TimeControl "900+3"]

1. e4 e5 2. Nf3 Nf6 3. Nxe5 Bd6 4. Nf3 O-O 5. e5 Bc5 6. exf6 gxf6 7. Be2 d5
8. O-O Qe8 9. Nc3 Bg4 10. Nxd5 c6 11. Nxf6+ Kh8 12. Nxe8 Rxe8 13. d3 Rf8
14. Bf4 Nd7 15. h3 Nf6 16. hxg4 Nd5 17. Be5+ f6 18. Bd4 Bd6 19. c4 Rg8 20.
cxd5 Rg6 21. Nh4 Rh6 22. g3 Rg8 23. g5 Rh5 24. Bxh5 Re8 25. Bxf6+ Kg8 26.
Bxe8 Kf8 27. Re1 Bc5 28. Qh5 b5 29. Qf7# { Black checkmated } 1-0

[Event "ICC tourney 2376 (15 3)"]
[Site "Internet Chess Club"]
[Date "2021.02.06"]
[Round "2"]
[White "prajit5803"]
[Black "ZekeMc11"]
[Result "1-0"]
[ICCResult "Black checkmated"]
[WhiteElo "1240"]
[BlackElo "1044"]
[Opening "Queen's pawn: London system"]
[ECO "A45"]
[NIC "QP.07"]
[Time "12:20:36"]
[PlyCount "47"]
[TimeControl "900+3"]

1. d4 Nf6 2. Bf4 d5 3. e3 g6 4. Nc3 Bg7 5. Qd2 c6 6. Be2 O-O 7. h3 Bf5 8.
g4 Bd7 9. g5 Ne4 10. Nxe4 dxe4 11. h4 f6 12. h5 fxg5 13. Bxg5 Bf6 14. Bh6
Bg7 15. Bxg7 Kxg7 16. hxg6 hxg6 17. d5 Rh8 18. Qd4+ Kf7 19. Rxh8 Qa5+ 20.
c3 c5 21. Qxe4 Bf5 22. Qe5 Nd7 23. Rh7+ Ke8 24. Qxe7# { Black checkmated }
1-0

[Event "ICC tourney 2376 (15 3)"]
[Site "Internet Chess Club"]
[Date "2021.02.06"]
[Round "2"]
[White "Aurex"]
[Black "brass60Six"]
[Result "1-0"]
[ICCResult "Black checkmated"]
[WhiteElo "583"]
[BlackElo "1146"]
[Opening "Sicilian"]
[ECO "B50"]
[NIC "SI.01"]
[Time "12:20:37"]
[PlyCount "127"]
[TimeControl "900+3"]

1. e4 c5 2. Nf3 d6 3. Nc3 e6 4. e5 dxe5 5. Nxe5 Nc6 6. Bb5 Bd7 7. Nxd7 Qxd7
8. O-O Nf6 9. Qf3 Nd5 10. Nxd5 exd5 11. Re1+ Be7 12. Bxc6 bxc6 13. Qe3 Rb8
14. Qxc5 Rb7 15. Qe3 O-O 16. d3 h6 17. Qf3 Bf6 18. c3 Rbb8 19. d4 Rbc8 20.
Rb1 c5 21. Be3 cxd4 22. Bxd4 Bxd4 23. cxd4 Rc4 24. Red1 Rfc8 25. b3 Rc3 26.
Qh5 Qe6 27. Qe5 Qxe5 28. dxe5 Rd8 29. f4 d4 30. Rd2 d3 31. Rbd1 Kh7 32. Kf2
Rc2 33. Ke3 Rxd2 34. Rxd2 Kg6 35. Rxd3 Rxd3+ 36. Kxd3 Kf5 37. Ke3 Ke6 38.
g4 f6 39. exf6 gxf6 40. h4 a6 41. Ke4 a5 42. f5+ Kd6 43. Kd4 Kc6 44. a4 Kd6
45. Ke4 Kc6 46. Kd4 Kd6 47. h5 Kc6 48. Kc4 Kb6 49. b4 axb4 50. Kxb4 Ka6 51.
g5 fxg5 52. f6 g4 53. f7 g3 54. f8=Q g2 55. Qg8 g1=Q 56. Qxg1 Kb7 57. Qg7+
Kb6 58. Qxh6+ Kb7 59. Qd6 Ka7 60. Kb5 Kb7 61. h6 Kc8 62. h7 Kb7 63. h8=Q
Ka7 64. Qhb8# { Black checkmated } 1-0

[Event "ICC tourney 2376 (15 3)"]
[Site "Internet Chess Club"]
[Date "2021.02.06"]
[Round "2"]
[White "GLatham"]
[Black "trosen27"]
[Result "0-1"]
[ICCResult "White checkmated"]
[WhiteElo "440"]
[BlackElo "1380"]
[Opening "Queen's pawn, Mason variation"]
[ECO "D00"]
[NIC "QP.08"]
[Time "12:20:51"]
[PlyCount "52"]
[TimeControl "900+3"]

1. d4 d5 2. Bf4 Nf6 3. e3 g6 4. Bd3 Bg7 5. Nc3 a6 6. Nge2 O-O 7. Qd2 b5 8.
e4 dxe4 9. Nxe4 Bb7 10. Nxf6+ exf6 11. Bh6 Re8 12. f3 f5 13. O-O-O Bxd4 14.
Qf4 Rxe2 15. Bxe2 Nc6 16. c3 Qd5 17. cxd4 Qxa2 18. Kd2 Qxb2+ 19. Ke1 Re8
20. Rd2 Qc1+ 21. Kf2 Qxh1 22. Qxc7 Ba8 23. d5 Qc1 24. Rd1 Qxh6 25. dxc6
Qe3+ 26. Ke1 Qxe2# { White checkmated } 0-1

[Event "ICC tourney 2376 (15 3)"]
[Site "Internet Chess Club"]
[Date "2021.02.06"]
[Round "2"]
[White "dakshchamp"]
[Black "dpanoop"]
[Result "0-1"]
[ICCResult "White checkmated"]
[WhiteElo "353"]
[BlackElo "792"]
[Opening "Four knights game"]
[ECO "C47"]
[NIC "KP.06"]
[Time "12:21:42"]
[PlyCount "44"]
[TimeControl "900+3"]

1. e4 e5 2. Nf3 Nc6 3. Nc3 Nf6 4. d3 d6 5. Na4 Be6 6. d4 exd4 7. Nxd4 Nxd4
8. Qxd4 Qd7 9. b3 Qc6 10. f3 d5 11. e5 Nd7 12. f4 Bc5 13. Qd3 O-O 14. Be2
f6 15. Bd1 fxe5 16. c4 dxc4 17. bxc4 exf4 18. Bxf4 Rxf4 19. g3 Bxc4 20. Qc2
Qe4+ 21. Be2 Qxc2 22. gxf4 Qxe2# { White checkmated } 0-1

[Event "ICC tourney 2376 (15 3)"]
[Site "Internet Chess Club"]
[Date "2021.02.06"]
[Round "2"]
[White "RhysWiers"]
[Black "PokeyTurtle3454"]
[Result "0-1"]
[ICCResult "White checkmated"]
[WhiteElo "212"]
[BlackElo "598"]
[Opening "Sicilian defense"]
[ECO "B20"]
[NIC "SI.48"]
[Time "12:20:57"]
[PlyCount "62"]
[TimeControl "900+3"]

1. e4 c5 2. Qh5 Nf6 3. Qf3 d6 4. Bc4 g6 5. e5 dxe5 6. d3 Bg7 7. Bg5 O-O 8.
Bxf6 Bxf6 9. Nc3 Nc6 10. Ne4 Bg7 11. Qg3 Nd4 12. Bb3 e6 13. Ng5 a5 14. Qh4
h6 15. N5f3 Nxf3+ 16. Nxf3 e4 17. Qf4 exf3 18. Qxf3 Bxb2 19. Rb1 Bg7 20.
O-O Ra7 21. c4 a4 22. Bc2 Bd7 23. d4 cxd4 24. Qg3 e5 25. Bxg6 fxg6 26. Qxg6
Bf5 27. Qh5 Bxb1 28. Rxb1 d3 29. c5 Qf6 30. Rb6 Qxf2+ 31. Kh1 Qf1# { White
checkmated } 0-1

[Event "ICC tourney 2376 (15 3)"]
[Site "Internet Chess Club"]
[Date "2021.02.06"]
[Round "2"]
[White "GrayMatter552"]
[Black "JackDarden"]
[Result "0-1"]
[ICCResult "White checkmated"]
[WhiteElo "945"]
[BlackElo "360"]
[Opening "King's pawn game"]
[ECO "C44"]
[NIC "KP.07"]
[Time "12:20:32"]
[PlyCount "84"]
[TimeControl "900+3"]

1. e4 e5 2. Nf3 Nc6 3. d3 Nf6 4. Nbd2 d6 5. g3 Be6 6. Bg2 Be7 7. c3 O-O 8.
O-O a6 9. h3 h5 10. Kh2 g6 11. Nh4 g5 12. Nf5 Bxf5 13. exf5 d5 14. Nf3 g4
15. Nh4 Bd6 16. Rg1 Ne7 17. hxg4 hxg4 18. Bg5 Nh7 19. Bxd5 Nxg5 20. Qd2
Nxd5 21. Qd1 Qd7 22. f3 gxf3 23. g4 f2 24. Qf1 fxg1=Q+ 25. Qxg1 Kg7 26. Rf1
Rh8 27. f6+ Nxf6 28. Kg3 e4+ 29. Kf2 exd3 30. Nf5+ Kg6 31. Rd1 Bc5+ 32. Kg2
Bxg1 33. Rxg1 d2 34. Rd1 Rh4 35. Kg3 Rxg4+ 36. Kf2 Qxf5+ 37. Ke2 Qf3+ 38.
Kxd2 Rg2+ 39. Kc1 Qf4+ 40. Kb1 Nh3 41. Rd4 Qf1+ 42. Rd1 Qxd1# { White
checkmated } 0-1

[Event "ICC tourney 2376 (15 3)"]
[Site "Internet Chess Club"]
[Date "2021.02.06"]
[Round "2"]
[White "EAR2007"]
[Black "leonlunachen"]
[Result "0-1"]
[ICCResult "White resigns"]
[WhiteElo "424"]
[BlackElo "1319"]
[Opening "Réti opening"]
[ECO "A04"]
[NIC "QP.10"]
[Time "12:20:35"]
[PlyCount "56"]
[TimeControl "900+3"]

1. Nf3 c5 2. d4 e6 3. Nc3 a6 4. dxc5 Bxc5 5. Ne4 Be7 6. e3 d5 7. c4 dxe4 8.
Ne5 Qa5+ 9. Bd2 Qxe5 10. f4 Qc7 11. Qa4+ Bd7 12. Ba5 b6 13. Bxb6 Qxb6 14.
Qd1 Nf6 15. Rc1 O-O 16. c5 Bxc5 17. Rc4 Bb4+ 18. Ke2 Bb5 19. b3 Rc8 20. Kf2
Bxc4 21. bxc4 Nc6 22. Qc1 Rd8 23. g4 Nxg4+ 24. Kg3 Qxe3+ 25. Kxg4 Qxc1 26.
Bg2 Qxh1 27. Bxh1 e3 28. Bxc6 e2 { White resigns } 0-1

[Event "ICC tourney 2376 (15 3)"]
[Site "Internet Chess Club"]
[Date "2021.02.06"]
[Round "2"]
[White "mewto12345"]
[Black "sherwinrasekh"]
[Result "1-0"]
[ICCResult "Black resigns"]
[WhiteElo "1337"]
[BlackElo "1103"]
[Opening "Queen's pawn game, Chigorin variation"]
[ECO "D02"]
[NIC "QP.08"]
[Time "12:20:37"]
[PlyCount "71"]
[TimeControl "900+3"]

1. d4 d5 2. Nf3 Nc6 3. Bf4 Nf6 4. e3 Bg4 5. Nbd2 e6 6. Bb5 Qd7 7. h3 Bh5 8.
g4 Bg6 9. Ne5 Qc8 10. Nxc6 a6 11. Na7+ Qd7 12. Bxd7+ Nxd7 13. Bxc7 Rxa7 14.
Bf4 Nf6 15. Nf3 h5 16. g5 Ne4 17. Ne5 Bh7 18. Qxh5 g6 19. Qf3 Bb4+ 20. c3
Nxc3 21. bxc3 Bxc3+ 22. Ke2 Bxa1 23. Rxa1 O-O 24. Nd7 Rd8 25. Nf6+ Kg7 26.
Be5 b5 27. Qg4 Kf8 28. Nxh7+ Ke8 29. Nf6+ Ke7 30. Rc1 a5 31. Rc7+ Rxc7 32.
Bxc7 Rc8 33. Bxa5 Rc2+ 34. Kd3 Rxa2 35. Bb4+ Kd8 36. Qg3 { Black resigns }
1-0

[Event "ICC tourney 2376 (15 3)"]
[Site "Internet Chess Club"]
[Date "2021.02.06"]
[Round "2"]
[White "anthonyiek"]
[Black "BotanicalKnight"]
[Result "0-1"]
[ICCResult "White checkmated"]
[WhiteElo "1130"]
[BlackElo "1399"]
[Opening "Caro-Kann defense"]
[ECO "B10"]
[NIC "CK.01"]
[Time "12:20:53"]
[PlyCount "48"]
[TimeControl "900+3"]

1. e4 c6 2. Nf3 d5 3. exd5 cxd5 4. d4 Nc6 5. Nc3 Nf6 6. Bb5 a6 7. Ba4 b5 8.
Bb3 Bg4 9. h3 Bh5 10. g4 Bg6 11. Ne5 Rc8 12. Nxg6 hxg6 13. Qf3 e6 14. Bg5
Be7 15. h4 Nxd4 16. Qd3 Nxb3 17. axb3 Nxg4 18. Bxe7 Qxe7 19. Qg3 Nf6 20.
Rxa6 Qb7 21. Ra5 d4 22. Nxb5 Qxh1+ 23. Ke2 Rxc2+ 24. Kd3 Qd1# { White
checkmated } 0-1

[Event "ICC tourney 2376 (15 3)"]
[Site "Internet Chess Club"]
[Date "2021.02.06"]
[Round "2"]
[White "BobbyKnight"]
[Black "Rhyanma"]
[Result "1-0"]
[ICCResult "Black checkmated"]
[WhiteElo "1343"]
[BlackElo "1124"]
[Opening "Owen defense"]
[ECO "B00"]
[NIC "VO.01"]
[Time "12:20:39"]
[PlyCount "75"]
[TimeControl "900+3"]

1. e4 b6 2. c4 Bb7 3. Nc3 e6 4. Nf3 Bb4 5. d4 Nf6 6. e5 Ne4 7. Bd2 Nxd2 8.
Nxd2 Bxc3 9. bxc3 O-O 10. Qg4 f6 11. Bd3 fxe5 12. dxe5 Qe7 13. Ne4 Bxe4 14.
Qxe4 g6 15. Qxa8 Nc6 16. Qb7 Nxe5 17. Qe4 Qf6 18. O-O Qg5 19. f4 d5 20.
cxd5 Nf3+ 21. Qxf3 Qe7 22. dxe6 Qxe6 23. Rfe1 Qd6 24. Re4 Qc5+ 25. Qe3 Qxc3
26. Bc4+ Qxc4 27. Rxc4 g5 28. fxg5 h6 29. gxh6 c5 30. Qg5+ Kf7 31. Rf1+ Ke8
32. Re4+ Kd7 33. Qe7+ Kc6 34. Rxf8 c4 35. Rxc4+ Kb5 36. Qb4+ Ka6 37. Rf7 b5
38. Rc6# { Black checkmated } 1-0

[Event "ICC tourney 2376 (15 3)"]
[Site "Internet Chess Club"]
[Date "2021.02.06"]
[Round "2"]
[White "iHasSkill"]
[Black "sanyamsho"]
[Result "1-0"]
[ICCResult "Black checkmated"]
[WhiteElo "1197"]
[BlackElo "858"]
[Opening "Giuoco Pianissimo"]
[ECO "C55"]
[NIC "IG.01"]
[Time "12:20:45"]
[PlyCount "75"]
[TimeControl "900+3"]

1. e4 e5 2. Nf3 Nc6 3. Bc4 Nf6 4. d3 Bc5 5. O-O O-O 6. Re1 d6 7. c3 Bg4 8.
Nbd2 d5 9. Bb3 dxe4 10. Nxe4 Nxe4 11. Rxe4 Bf5 12. Re1 Bxd3 13. Bg5 Qd7 14.
Bc2 e4 15. Nd2 Bxc2 16. Qxc2 Qf5 17. Nxe4 Qd5 18. c4 Qd4 19. Rad1 Qxd1 20.
Rxd1 Bb4 21. a3 Ba5 22. b4 Bb6 23. c5 Bxc5 24. bxc5 Ne5 25. Bf4 Rfe8 26.
Ng5 g6 27. Qc3 f6 28. Ne4 b6 29. Nxf6+ Kf7 30. Nxe8 Rxe8 31. Bxe5 bxc5 32.
Qxc5 Re7 33. Qd5+ Ke8 34. Qd8+ Kf7 35. Rd7 Rxd7 36. Qxd7+ Kf8 37. Bf6 Kg8
38. Qg7# { Black checkmated } 1-0

[Event "ICC tourney 2376 (15 3)"]
[Site "Internet Chess Club"]
[Date "2021.02.06"]
[Round "2"]
[White "Kinkajou2"]
[Black "Matthew718"]
[Result "0-1"]
[ICCResult "White checkmated"]
[WhiteElo "293"]
[BlackElo "713"]
[Opening "Damiano's defense"]
[ECO "C40"]
[NIC "KP.10"]
[Time "12:21:22"]
[PlyCount "114"]
[TimeControl "900+3"]

1. e4 e5 2. Nf3 f6 3. Nc3 b6 4. d3 Bb7 5. b3 Bb4 6. Bd2 Nh6 7. Be2 O-O 8.
O-O Kh8 9. Kh1 Na6 10. Nb5 Bxd2 11. Qxd2 Bc6 12. c4 Nc5 13. Nc3 a5 14. Nb5
a4 15. b4 Na6 16. a3 Qe7 17. Rab1 d6 18. Nh4 f5 19. exf5 Qxh4 20. f3 Nxf5
21. g3 Nxg3+ 22. Kg1 Nxf1 23. Bxf1 Rxf3 24. c5 dxc5 25. Bg2 Rf6 26. Nc3 Rg6
27. Ne4 Bxe4 28. dxe4 Qxe4 29. Re1 Qd4+ 30. Qf2 Qxf2+ 31. Kxf2 Rf8+ 32. Bf3
Rgf6 33. Re3 e4 34. Rxe4 Rxf3+ 35. Ke2 Rf2+ 36. Ke3 cxb4 37. axb4 a3 38.
Rd4 a2 39. Rd1 Rxh2 40. b5 Nb4 41. Kd4 Nc2+ 42. Kc3 a1=Q+ 43. Rxa1 Nxa1 44.
Kb4 Rb2+ 45. Kc4 Rf4+ 46. Kd5 Rxb5+ 47. Kc6 Rc5+ 48. Kb7 b5 49. Ka6 b4 50.
Kb7 Rf6 51. Kb8 Rb6+ 52. Kc8 b3 53. Kd7 b2 54. Kc8 b1=Q 55. Kd7 Qf5+ 56.
Kd8 Rb8+ 57. Ke7 Re5# { White checkmated } 0-1

[Event "ICC tourney 2376 (15 3)"]
[Site "Internet Chess Club"]
[Date "2021.02.06"]
[Round "2"]
[White "Jake000"]
[Black "DanilMcQuillin"]
[Result "0-1"]
[ICCResult "White resigns"]
[WhiteElo "759"]
[BlackElo "1193"]
[Opening "Scotch gambit: Dubois-Réti defense"]
[ECO "C55"]
[NIC "KP.02"]
[Time "12:20:40"]
[PlyCount "44"]
[TimeControl "900+3"]

1. e4 e5 2. Nf3 Nc6 3. d4 exd4 4. Bc4 Nf6 5. e5 d5 6. exf6 dxc4 7. Qe2+ Be6
8. O-O Qxf6 9. Bg5 Qg6 10. Nbd2 h6 11. Bh4 d3 12. cxd3 cxd3 13. Qe3 Be7 14.
Bg3 Rc8 15. Rfe1 O-O 16. Rad1 Rfe8 17. Nb1 Bxa2 18. Rxd3 Bb4 19. Qxe8+ Rxe8
20. Rxe8+ Kh7 21. Rd1 Bxb1 22. Nh4 Qc2 { White resigns } 0-1

[Event "ICC tourney 2376 (15 3)"]
[Site "Internet Chess Club"]
[Date "2021.02.06"]
[Round "2"]
[White "NikitaR"]
[Black "mvarshney"]
[Result "0-1"]
[ICCResult "White checkmated"]
[WhiteElo "166"]
[BlackElo "503"]
[Opening "Four knights: Gunsberg variation"]
[ECO "C47"]
[NIC "KP.06"]
[Time "12:20:46"]
[PlyCount "70"]
[TimeControl "900+3"]

1. e4 e5 2. Nf3 Nc6 3. Nc3 Nf6 4. a3 Bc5 5. h3 O-O 6. Bb5 d6 7. Bxc6 bxc6
8. d3 Ba6 9. O-O d5 10. Re1 d4 11. Na4 Bd6 12. b3 Rb8 13. Bg5 h6 14. Bh4
Be7 15. Nxe5 Qd6 16. Ng4 Nxg4 17. Qxg4 Bxh4 18. Qxh4 Bc8 19. f3 Re8 20. g4
g5 21. Qf2 Qf4 22. c3 Rxb3 23. cxd4 Rxd3 24. Nc5 Rxf3 25. Qh2 Rg3+ 26. Qxg3
Qxg3+ 27. Kh1 Qxh3+ 28. Kg1 Qxg4+ 29. Kh1 Qf3+ 30. Kg1 Bh3 31. Ra2 Qg3+ 32.
Kh1 Qxe1+ 33. Kh2 g4 34. Nd3 Qxe4 35. Nf2 Qg2# { White checkmated } 0-1